 Dungeon Crawl Stone Soup version 0.17-a0-1949-g1acca9a (webtiles) character file.

135 Kusio the Ducker (level 4, 0/58 HPs)
             Began as a Minotaur Monk on Oct 2, 2015.
             Succumbed to a worker ant's poison
             ... on level 3 of the Dungeon.
             The game lasted 00:04:53 (2272 turns).

Kusio the Ducker (Minotaur Monk)                    Turns: 2272, Time: 00:04:53

Health: 0/58       AC: 22    Str: 16    XL:     4   Next: 97%
Magic:  3/3        EV:  2    Int: 12    God:
Gold:   172        SH:  0    Dex: 13    Spells: 0 memorised, 3 levels left

rFire  . . .     SeeInvis .     i - +0 spear
rCold  . . .     Clarity  .     (armour currently unavailable)
rNeg   + + +     SustAt   .     (no shield)
rPois  +         Gourm    .     (helmet currently unavailable)
rElec  .         Spirit   .     (cloak currently unavailable)
rCorr  .         Warding  .     (gloves currently unavailable)
rMut   .         NoTele   +     (boots currently unavailable)
MR     .....                    (no amulet)
Stlth  ++........               (no ring)
                                c - ring of wizardry

@: brilliant, lethally poisoned (0 -> -2), tree-form, not resistant to hostile
enchantments, unstealthy
A: (retaliatory headbutt), (horns 0)
a: no special abilities


You were on level 3 of the Dungeon.
You were not hungry.
You were a tree.
You visited 1 branch of the dungeon, and saw 4 of its levels.

You collected 172 gold pieces.

Inventory:

Hand weapons
 i - a +0 spear (weapon)
Missiles
 p - 8 poisoned needles
Armour
 m - a +0 leather armour (melded)
Jewellery
 c - a ring of wizardry (left branch)
Scrolls
 a - 2 scrolls of enchant weapon {unknown}
 d - a scroll of teleportation {unknown}
 e - a scroll of enchant armour {unknown}
 g - a scroll of amnesia {unknown}
 j - a scroll of identify {unknown}
 k - a scroll of blinking {unknown}
 l - 3 scrolls of magic mapping {unknown}
 n - 2 scrolls of immolation {unknown}
 t - a scroll of recharging {unknown}
Potions
 s - a potion of invisibility {unknown}
Comestibles
 b - 6 bread rations
 h - 4 meat rations
 o - 4 fruits


   Skills:
 - Level 3.6 Fighting
 * Level 2.8 Polearms
 + Level 3.2 Armour
 + Level 4.4 Dodging
 - Level 1.5 Stealth
 - Level 4.3 Unarmed Combat


You had 3 spell levels left.
You didn't know any spells.

Dungeon Overview and Level Annotations

Branches:
Dungeon (4/15)
 Temple: D:4-7

Altars:
Elyvilon
Gozag
Ru
Sif Muna
Zin


Innate Abilities, Weirdness & Mutations

((You reflexively headbutt those who attack you in melee.))
((You have a pair of horns on your head.))


Message History

Your roots penetrate the ground.
You feel sick.
The worker ant bites you but does no damage.
You hit the worker ant but do no damage.
The worker ant is heavily wounded.
The worker ant bites you.
* * * LOW HITPOINT WARNING * * *
You closely miss the worker ant.
The worker ant is heavily wounded.
You feel sick.
The worker ant bites you but does no damage.
You hit the worker ant.
The worker ant is severely wounded.
The worker ant bites you but does no damage.
You barely miss the worker ant.
The worker ant is severely wounded.
The worker ant bites you.
* * * LOW HITPOINT WARNING * * *
You hit the worker ant.
The worker ant is almost dead.
You die...

.........###.....#...####...##.##
[##........'.........'..)........
.###.....###....(....####...##.##
.##.>#.#.# ##.......## ##.###.#
.##.####.# ##.....## ###...#
.##.####.# ##...## #.###
.........# ##K## #.# ###.######
#a# #.# ###.##### #♣# #########.#
........# ##(###.......#.#
###.###.# #####...##.#.......# #
#.# #.###.##.....#.#.###.### #
#.# #.##.#†##...##.#.# #.# #
#.###.#.###.##.###.#.# #.# #
#........#.#######.#.# #.# #
#####.###............# #.#
#######.# ##########.#####.#


You could see a worker ant and a kobold.

Vanquished Creatures
  An orc wizard (D:3)
  A gnoll (D:1)
  4 adders
  7 giant geckos
  5 bats
  4 goblins
  7 hobgoblins
  A quokka (D:3)
  4 ball pythons
  4 giant cockroaches
  4 giant newts
  10 kobolds
  10 rats
62 creatures vanquished.

Notes
Turn   | Place    | Note
--------------------------------------------------------------
     0 | D:1      | Kusio the Minotaur Monk began the quest for the Orb.
     0 | D:1      | Reached XP level 1. HP: 19/19 MP: 0/0
    83 | D:1      | Reached skill level 1 in Armour
   162 | D:1      | Reached XP level 2. HP: 26/26 MP: 1/1
   378 | D:1      | Reached XP level 3. HP: 26/31 MP: 2/2
   799 | D:2      | Reached skill level 1 in Polearms
  1097 | D:2      | Reached XP level 4. HP: 35/39 MP: 3/3
  1179 | D:2      | Found a deep blue altar of Sif Muna.
  1825 | D:3      | Found a sacrificial altar of Ru.
  2178 | D:3      | Found a white marble altar of Elyvilon.
  2181 | D:3      | Found an opulent altar of Gozag.
  2184 | D:3      | Found a glowing silver altar of Zin.
  2227 | D:4      | Noticed a phantom
  2271 | D:3      | HP: 1/58 [worker ant (5)]
  2272 | D:3      | Succumbed to a worker ant's poison

Vault maps used:
D:1:      mrwooster_arrival_statue, minmay_ruptured
D:2:      led_sif_pool, first_bread
D:3:      grunt_temple_overflow_diamond, nicolae_ru_great_annihilating_truth
D:4:      forest_paths, lemuel_crystal_altar, st_stairs_12, uniq_edmund

Action                   |  1- 3 |  4- 6 || total
-------------------------+-------+-------++-------
Melee: Unarmed           |    53 |       ||    53
       Spear             |    40 |    75 ||   115
  Use: Potion            |       |     3 ||     3
 Stab: Sleeping          |     5 |     3 ||     8
       Paralysed         |       |     2 ||     2
  Eat: Chunk             |     1 |     3 ||     4
